AoeStats
← 帝国的铁汉

Arabia

509071703Analyzed
1v1 RM · 7d ago on Sep 25, 2026· 41m 45s· 2 players
Game mode
Random Map
Map size
Tiny (2 player)
Population
200
Speed
Normal
Resources
Standard
Victory
Conquest
Starting age
Dark Age
Ending age
Imperial Age
RankedLock teamsTeams togetherTeam positionsShared explorationLock speedFull tech treeHidden civsTurbo modeCheats
Victory
Defeat
🇨🇳 Persians · China
1650
+19
🇷🇺 Danes · Russia
1713
-19
帝国的铁汉
11:35 Loom
13:27 Feudal Age
12:13 Loom
17:14 Castle Age
15:24 Double-Bit Axe
24:31 Wheelbarrow
29:08 Imperial Age
27:00 Bloodlines
28:05 Husbandry
28:38 Scale Barding Armor
29:45 Chain Barding Armor
29:17 Horse Collar
30:25 Cavalier
32:28 Plate Barding Armor
34:38 Forging
35:59 Iron Casting
40:32 Blast Furnace
39:48 Bow Saw
[RUS-F] GriN
5:59 Loom
6:02 Loom
9:19 Feudal Age
10:44 Double-Bit Axe
19:05 Castle Age
18:20 Fletching
19:12 Pikeman
20:53 Bodkin Arrow
21:27 Town Watch
24:03 Padded Archer Armor
25:31 Husbandry
25:42 Bloodlines
29:46 Arson
31:56 Scale Mail Armor
34:59 Imperial Age
33:43 Chain Mail Armor
38:43 Halberdier
Connection lost

Rejoining the realm…

Still unreachable

The connection could not be restored.

Session expired

The server has moved on; the page needs a fresh start.